AoeStats
← NikNak1876795

Fortress

510053648Analyzed
3v3 RM · 4d ago on Sep 29, 2026· 18m 33s· 6 players
Game mode
Random Map
Map size
Large (8 player)
Population
200
Speed
Normal
Resources
Standard
Victory
Conquest
Starting age
Dark Age
Ending age
Imperial Age
RankedLock teamsTeams togetherTeam positionsShared explorationLock speedFull tech treeHidden civsTurbo modeCheats
Victory
Defeat
🇦🇺 Magyars · Australia
1097
+10
🇦🇺 Franks · Australia
1085
+10
🇦🇺 Mongols · Australia
1014
+12
🇩🇪 Saxons · Germany
991
-12
🇩🇪 Franks · Germany
926
-10
🇳🇱 Saracens · Netherlands
918
-10
Big Olaf
7:15 Feudal Age
7:56 Double-Bit Axe
7:53 Horse Collar
13:56 Castle Age
14:24 Gold Mining
14:26 Stone Mining
16:22 Wheelbarrow
17:17 Pikeman
DemureHarp13849
7:24 Feudal Age
11:07 Castle Age
9:19 Double-Bit Axe
9:31 Horse Collar
9:51 Loom
NikNak1876795
6:28 Feudal Age
6:59 Double-Bit Axe
12:33 Castle Age
14:08 Bow Saw
18:08 Squires
18:03 Pikeman
18:30 Gambesons
FrazeDawg
7:09 Feudal Age
11:52 Castle Age
10:11 Double-Bit Axe
10:30 Fletching
11:58 Horse Collar
12:58 Loom
13:13 Bodkin Arrow
14:59 Wheelbarrow
17:58 Bow Saw
shoopdewhoop
7:49 Loom
9:35 Feudal Age
10:42 Double-Bit Axe
10:52 Gold Mining
13:42 Castle Age
13:35 Forging
13:33 Scale Barding Armor
14:31 Husbandry
17:24 Bow Saw
Edhebi
8:13 Feudal Age
8:38 Horse Collar
8:53 Double-Bit Axe
11:30 Loom
15:08 Castle Age
13:50 Stone Mining
17:30 Bow Saw
Connection lost

Rejoining the realm…

Still unreachable

The connection could not be restored.

Session expired

The server has moved on; the page needs a fresh start.